 Dungeon Crawl Stone Soup version 0.24.0-7-gb3623d2c88 (webtiles) character file.

Game seed: 17155798287661716965, levelgen mode: deterministic

9731 Furryfag69 the Bludgeoner (level 11, -2/123 HPs)
             Began as a Minotaur Berserker on Nov 2, 2019.
             Was a High Priest of Trog.
             Slain by a troll (7 damage)
             ... on level 1 of the Lair of Beasts.
             The game lasted 00:35:58 (11207 turns).

Furryfag69 the Bludgeoner (Minotaur Berserker)     Turns: 11207, Time: 00:35:59

Health: -2/123     AC: 25    Str: 25    XL:     11   Next: 26%
Magic:  10/10      EV:  2    Int:  4    God:    Trog [*****.]
Gold:   834        SH:  2    Dex: 12    Spells: 10/10 levels left

rFire    . . .     SeeInvis .   d - +6 executioner's axe of Anger {elec, rPois Str+2}
rCold    . . .     Gourm    .   (shield currently unavailable)
rNeg     + + +     Faith    .   (armour currently unavailable)
rPois    +         Spirit   .   (helmet currently unavailable)
rElec    .         Reflect  +   (cloak currently unavailable)
rCorr    .         Harm     .   (gloves currently unavailable)
MR       .....     NoTele   +   (boots currently unavailable)
Stlth    +++.......             A - +2 amulet of reflection
HPRegen  0.30/turn              m - ring of flight
MPRegen  0.12/turn              l - +3 ring of evasion

@: tree-form
A: (retaliatory headbutt)
a: Berserk, Trog's Hand, Brothers in Arms, Renounce Religion


You were on level 1 of the Lair of Beasts.
You worshipped Trog.
Trog was extremely pleased with you.
You were full.
You were a tree.
You visited 2 branches of the dungeon, and saw 12 of its levels.
You also visited: Sewer, Ossuary and Bailey.

You collected 834 gold pieces.

Inventory:

Hand Weapons
 d - the +6 executioner's axe of Anger (weapon) {elec, rPois Str+2}
   (You found it in a bailey)

   Occasionally, upon striking a foe, it will discharge some electrical energy
   and cause terrible harm.
   It affects your strength (+2).
   It protects you from poison.
 t - a +2 executioner's axe of chopping
 w - a +5 morningstar of freezing
 F - a +7 antimagic great mace
Armour
 g - a +0 pair of gloves (melded)
 v - a +1 troll leather armour (melded) {Purgy}
Jewellery
 l - a +3 ring of evasion (right branch)
 m - a ring of flight (left branch)
 s - an uncursed amulet of the acrobat
 z - an uncursed ring of ice {unknown}
 A - a +2 amulet of reflection (around neck)
 B - an uncursed ring of protection from cold {unknown}
 I - an uncursed ring of protection from magic {unknown}
Wands
 C - a wand of polymorph (3)
 G - a wand of flame (15)
Scrolls
 j - 6 scrolls of teleportation
 k - a scroll of magic mapping
 u - a scroll of acquirement {unknown}
 x - 6 scrolls of remove curse
 y - a scroll of blinking
 D - a scroll of random uselessness
 E - a scroll of torment
Potions
 a - 2 potions of agility
 b - a potion of magic
 e - 3 potions of mutation
 f - 2 potions of heal wounds
 h - 4 potions of flight
 n - 3 potions of degeneration
 o - a potion of brilliance
 p - 4 potions of curing
 q - a potion of haste
 r - 2 potions of cancellation
 H - a potion of might
Comestibles
 c - 7 rations


   Skills:
 - Level 3.6 Fighting
 * Level 5.5(11.7) Axes
 - Level 15.6(15.9) Maces & Flails
 - Level 2.4 Armour
 * Level 9.6 Dodging
 + Level 5.2 Stealth


You had 10 spell levels left.
You didn't know any spells.
Your spell library was empty.

Dungeon Overview and Level Annotations

Branches:
Dungeon (11/15)            Temple (0/1) D:5            Lair (1/6) D:11
    Orc (0/2) D:9           Sewer (visited)         Ossuary (visited)
 Bailey (visited)

Altars:
Okawaru
Qazlal

Shops:
D:7 (

Annotations:
D:4 3 runed translucent doors, grouchysmurf's ghost, amateur MfSk
D:8 3 runed translucent doors, sking99's ghost, novice OgCj


Innate Abilities, Weirdness & Mutations

((You reflexively headbutt those who attack you in melee.))
((You have a pair of horns on your head.))


Message History

* * * LOW HITPOINT WARNING * * *
The komodo dragon barely misses you.
Aiming: Polymorph
Press: ? - help, Shift-Dir - straight line, f - komodo dragon
Aim: a komodo dragon (lightly wounded, chance to defeat MR: 28%)
The komodo dragon evaporates and reforms as a troll!
The troll closely misses you. The troll claws you.
* * * LOW HITPOINT WARNING * * *
The troll barely misses you.
You turn into a tree.
Your +0 pair of gloves melds into your body.
Your +1 troll leather armour {Purgy} melds into your body.
Your roots penetrate the ground.
The troll bites you but does no damage. The troll claws you but does no damage.
The troll claws you.
* * * LOW HITPOINT WARNING * * *
Unknown command.
You hit the troll.
The troll is lightly wounded.
The troll bites you!
You die...

...........#
...........####.
#.####........%.. #
#...........
#...........
#...........
##...........
#.....#.#####
#########♣.........
........T....P.....
......../....#.....
.............#.....
.............#.....
..........(..# .P#+
............... >.
#########P######
###


You could see a troll.

Vanquished Creatures
  A hydra (Lair:1)
  An orc knight (Bailey)
  A cyclops (D:11)
  A komodo dragon (Lair:1)
  3 hornets (D:10)
  Prince Ribbit (D:9)
  4 hippogriffs
  Sigmund (D:4)
  A wyvern (D:6)
  2 hungry ghosts (D:9)
  A steam dragon (D:6)
  Grum (D:9)
  Edmund (D:6)
  A soldier ant (D:10)
  2 water moccasins
  Purgy (Sewer)
  2 sky beasts
  Duvessa (D:5)
  14 orc warriors
  2 porcupines (D:11)
  A phantom (D:9)
  2 black bears (D:11)
  An ogre (D:7)
  3 wolves (D:9)
  A crocodile (D:11)
  5 bullfrogs
  Dowan (D:5)
  4 scorpions
  8 killer bees
  3 howler monkeys (D:7)
  A centaur zombie (D:7)
  4 crimson imps
  A quasit (D:10)
  5 hounds
  2 jellies
  10 orc wizards
  A bullfrog skeleton (D:5)
  2 centaur skeletons
  5 orc priests
  A gnoll shaman (D:5)
  Terence (D:3)
  7 iguanas
  3 worker ants
  Ijyb (D:3)
  A hound zombie (D:5)
  9 mummies
  4 gnolls (D:5)
  13 adders
  2 shadow imps
  An ooze (D:3)
  2 adder skeletons
  3 worms
  A dart slug (D:1)
  2 leopard geckos
  45 orcs
  5 giant cockroaches
  A gnoll zombie (Ossuary)
  12 goblins
  5 hobgoblins
  15 jackals
  5 kobolds
  2 quokkas
  A ball python (D:1)
  5 bats
  3 frilled lizards
  4 hobgoblin zombies (Ossuary)
  A jackal zombie (D:5)
  2 kobold zombies
  A leopard gecko skeleton (D:8)
  2 orc zombies (Ossuary)
  2 quokka skeletons
  7 rats
  10 fungi (D:11)
  11 plants
292 creatures vanquished.

Vanquished Creatures (collateral kills)
  2 orc warriors (Bailey)
  5 orcs (Bailey)
7 creatures vanquished.

Vanquished Creatures (others)
  An orc warrior (Bailey)
  2 orcs
  3 fungi (D:11)
  2 plants (D:11)
8 creatures vanquished.

Grand Total: 307 creatures vanquished

Notes
Turn   | Place    | Note
-------+----------+-------------------------------------------
     0 | D:1      | Furryfag69 the Minotaur Berserker began the quest for the
                  | Orb.
     0 | D:1      | Reached XP level 1. HP: 19/19 MP: 0/0
   136 | D:1      | Reached skill level 4 in Maces & Flails
   185 | D:1      | Reached XP level 2. HP: 26/26 MP: 1/1
   744 | D:2      | Reached skill level 5 in Maces & Flails
   744 | D:2      | Reached XP level 3. HP: 16/31 MP: 2/2
  1684 | D:3      | Reached XP level 4. HP: 33/39 MP: 3/3
  1783 | D:3      | Reached ** piety under Trog
  1783 | D:3      | Reached skill level 6 in Maces & Flails
  1817 | D:3      | Reached XP level 5. HP: 37/45 MP: 4/4
  1847 | D:3      | Noticed Ijyb
  1858 | D:3      | Killed Ijyb
  2177 | D:3      | Found a glowing drain.
  2179 | D:3      | Reached skill level 1 in Stealth
  2188 | Sewer    | Entered a sewer
  2203 | Sewer    | Noticed Purgy
  2210 | Sewer    | Killed Purgy
  2210 | Sewer    | Reached skill level 7 in Maces & Flails
  2210 | Sewer    | Reached XP level 6. HP: 31/51 MP: 5/5
  2417 | D:3      | Noticed Terence
  2425 | D:3      | Killed Terence
  2569 | D:4      | Noticed Sigmund
  2698 | D:4      | Killed Sigmund
  2742 | D:4      | Found a stormy altar of Qazlal.
  2753 | D:4      | Reached XP level 7. HP: 57/57 MP: 6/6
  2824 | D:4      | Reached skill level 8 in Maces & Flails
  2843 | D:4      | Reached skill level 5 in Dodging
  2845 | D:4      | Reached *** piety under Trog
  2934 | D:4      | Found a runed translucent gate.
  2934 | D:4      | Found a runed translucent gate.
  2935 | D:4      | Found a runed translucent gate.
  2941 | D:4      | Noticed grouchysmurf's ghost (amateur MfSk)
  4144 | D:5      | Entered Level 5 of the Dungeon
  4144 | D:5      | Noticed Duvessa
  4145 | D:5      | Noticed Dowan
  4162 | D:5      | Killed Duvessa
  4170 | D:5      | Killed Dowan
  4170 | D:5      | Reached skill level 9 in Maces & Flails
  4495 | D:5      | Reached XP level 8. HP: 62/64 MP: 7/7
  5026 | D:5      | Found a staircase to the Ecumenical Temple.
  5311 | D:6      | Reached skill level 10 in Maces & Flails
  5331 | D:6      | Noticed Edmund
  5366 | D:6      | Killed Edmund
  5546 | D:6      | Noticed a hippogriff
  5554 | D:6      | Killed a hippogriff
  5554 | D:6      | Reached skill level 11 in Maces & Flails
  5650 | D:6      | Found an iron altar of Okawaru.
  6005 | D:6      | Reached XP level 9. HP: 60/70 MP: 8/8
  6323 | D:7      | Reached skill level 12 in Maces & Flails
  6424 | D:7      | Reached **** piety under Trog
  6452 | D:7      | Found Uvareh's Weapon Emporium.
  7398 | D:8      | Found a sand-covered staircase.
  7465 | D:8      | Found a runed translucent gate.
  7465 | D:8      | Found a runed translucent gate.
  7471 | D:8      | Found a runed translucent gate.
  7472 | D:8      | Noticed sking99's ghost (novice OgCj)
  7596 | D:8      | Reached skill level 13 in Maces & Flails
  7672 | Ossuary  | Entered an ossuary
  7685 | Ossuary  | Reached ***** piety under Trog
  7931 | D:8      | Found a flagged portal.
  7941 | Bailey   | Entered a bailey
  8606 | Bailey   | Reached XP level 10. HP: 77/77 MP: 9/9
  8656 | Bailey   | Noticed an orc knight
  8673 | Bailey   | Killed an orc knight
  8673 | Bailey   | Reached skill level 14 in Maces & Flails
  8716 | Bailey   | Got a smoking executioner's axe
  9670 | D:9      | Noticed Prince Ribbit
  9676 | D:9      | Killed Prince Ribbit
  9703 | D:9      | Found a staircase to the Orcish Mines.
  9974 | D:9      | Received a gift from Trog
 10077 | D:9      | Noticed Grum
 10084 | D:9      | Killed Grum
 10084 | D:9      | Reached skill level 15 in Maces & Flails
 10507 | D:10     | Entered Level 10 of the Dungeon
 10620 | D:10     | Paralysed by a hornet for 2 turns
 10636 | D:10     | Reached skill level 5 in Stealth
 10775 | D:10     | You fall into a shaft and drop 1 floor!
 10777 | D:11     | Identified the +6 executioner's axe of Anger {elec, rPois
                  | Str+2} (You found it in a bailey)
 10915 | D:11     | Reached skill level 1 in Axes
 10915 | D:11     | Reached XP level 11. HP: 82/82 MP: 10/10
 10918 | D:11     | Found a staircase to the Lair.
 10963 | Lair:1   | Entered Level 1 of the Lair of Beasts
 11186 | Lair:1   | Noticed a four-headed hydra
 11196 | Lair:1   | Killed a six-headed hydra
 11196 | Lair:1   | Reached skill level 5 in Axes
 11206 | Lair:1   | HP: 5/123 [troll (3)]
 11207 | Lair:1   | Slain by a troll

Levels and vault maps discovered:
D:1:      sevenhm_arrival_forest_fort_large_4, layout_loops_ring
D:2:      layout_loops_cross
D:3:      layout_loops_ring, portal_sewer_entry_d, uniq_ijyb, uniq_terence
D:4:      layout_loops_ring, grunt_qazlal_clouds, ebering_ghost_rock_garden,
          first_ration, st_stairs_3, chequers_big_river, uniq_sigmund
D:5:      layout_cave_pods, minmay_temple_entry_from_below_a,
          kennysheep_generic_room_8, uniq_duvessa
D:6:      layout_basic, gammafunk_ghost_arena, kennysheep_okawaru_gauntlet,
          uniq_edmund
D:7:      layout_gridville, serial_shops, shop
D:8:      cheibrodos_two_vegetables, layout_gridville, enter_bailey_3,
          nicolae_ossuary_entry_giza, ebering_ghost_rock_garden
D:9:      layout_loops_ring, orc_0_dummy, uniq_prince_ribbit1, uniq_grum
D:10:     layout_basic, hangedman_pestilent_swarm
D:11:     layout_loops_corners, due_lair_maze_entry_diamond, serial_shops,
          nicolae_shop_behind_doors
Lair:1:   layout_chaotic_city, minivault_11

Skill      XL: |  1  2  3  4  5  6  7  8  9 10 11 |
---------------+----------------------------------+-----
Maces & Flails | 4 5 6 7 9 11 13 15 | 15.6
Dodging        | 3 4 5 7 8 9 |  9.6
Stealth        | 1 2 3 5 |  5.2
Axes           | 1 5 |  5.5
Fighting       | |  3.6
Armour         | |  2.4

Action                   |  1- 3 |  4- 6 |  7- 9 | 10-12 || total
-------------------------+-------+-------+-------+-------++-------
Melee: Mace              |    60 |    37 |       |       ||    97
       Headbutt          |     8 |     8 |    55 |    31 ||   102
       Morningstar       |       |    34 |   288 |   118 ||   440
       Executioner's axe |       |       |       |    40 ||    40
       Great mace        |       |       |       |    10 ||    10
Invok: Berserk           |       |     3 |     7 |     6 ||    16
       Brothers in Arms  |       |       |       |     1 ||     1
 Abil: Evoke Flight      |       |       |     6 |     2 ||     8
Evoke: Wand              |       |       |     7 |     1 ||     8
  Use: Scroll            |     7 |     2 |    20 |       ||    29
       Potion            |       |       |     2 |     2 ||     4
 Stab: Sleeping          |     2 |     2 |     6 |     9 ||    19
       Distracted        |       |     1 |       |       ||     1
  Eat: Ration            |     1 |     2 |     8 |     5 ||    16
       Chunk             |       |     2 |       |     1 ||     3
Armor: Animal skin       |    12 |     4 |       |       ||    16
       Troll leather arm |       |     8 |    30 |    28 ||    66
       Skin              |       |       |       |     2 ||     2
Dodge: Dodged            |    34 |    74 |   249 |   117 ||   474
Block: Other             |       |       |    10 |     9 ||    19
       Reflection        |       |       |     2 |     1 ||     3
